 Dungeon Crawl Stone Soup version 0.29-a0-380-gf50f0a9fbc (webtiles) character file.

Game seed: 9930351010669210685

39305 ryw the Basher (level 13, -4/101 HPs)
             Began as a Demonspawn Monk on May 5, 2022.
             Was the Champion of Cheibriados.
             Killed from afar by an acid blob (11 damage)
             ... with a splash of acid
             ... on level 5 of the Lair of Beasts.
             The game lasted 00:45:30 (17697 turns).

ryw the Basher (Demonspawn Monk)                   Turns: 17697, Time: 00:45:31

Health: -4/101     AC:  8    Str: 33    XL:     13   Next: 68%
Magic:  20/20      EV: 16    Int: 30    God:    Cheibriados [******]
Gold:   378        SH: 28    Dex: 34    Spells: 14/21 levels left

rFire   + + .      SeeInvis .   k - +5 demon whip of Caemat {vamp, Str+4}
rCold   + + +      Faith    .   r - +2 tower shield {AC+3}
rNeg    + + .      Spirit   .   l - +3 ring mail "Yhu Riti" {rF+ Dex+4}
rPois   +          Reflect  +   N - +2 hat
rElec   +          Harm     .   x - scarf {rC+ rF+}
rCorr   +          Rampage  .   K - +0 pair of gloves
Will    +....                   D - +2 pair of boots of Digocvaf {rElec rC++ rCorr}
Stlth   ++........              v - amulet of reflection
HPRegen 0.26/turn               T - ring "Mimyinle" {rN+ Slay+4}
MPRegen 0.17/turn               u - ring of Hobroe {rPois rN+ Will+}

@: mighty, about to teleport, corroded, repel missiles, very slow
A: hooves 1, repulsion field 3, powered by pain 2, corrupting presence 1
a: Renounce Religion, Bend Time, Temporal Distortion, Slouch, Step From Time


You were on level 5 of the Lair of Beasts.
You worshipped Cheibriados.
Cheibriados was exalted by your worship.
You visited 2 branches of the dungeon, and saw 16 of its levels.
You also visited: Bailey and Gauntlet.

You collected 1448 gold pieces.
You spent 1070 gold pieces at shops.

Inventory:

Hand Weapons
 k - the +5 demon whip of Caemat (weapon) {vamp, Str+4}
   (You acquired it on level 2 of the Dungeon)

   It occasionally heals its wielder for a portion of the damage dealt when it
   wounds a living foe.
   Str:       It affects your strength (+4).
Missiles
 c - 2 curare-tipped darts (quivered)
 U - 10 silver javelins
Armour
 l - the +3 ring mail "Yhu Riti" (worn) {rF+ Dex+4}
   (You found it on level 3 of the Lair of Beasts)

   Dex:       It affects your dexterity (+4).
   rF:        It protects you from fire.
 r - a +2 tower shield of protection (worn)
 x - a scarf of resistance (worn)
 D - the +2 pair of boots of Digocvaf (worn) {rElec rC++ rCorr}
   (You bought it in a shop on level 6 of the Dungeon)

   rC:        It greatly protects you from cold.
   rElec:     It insulates you from electricity.
   rCorr:     It protects you from acid and corrosion.
 J - a +4 kite shield
 K - a +0 pair of gloves (worn)
 N - a +2 hat (worn)
 S - the +2 scale mail of the Evil One {Harm rC++ MP-9 Int+4}
   (You bought it in a shop on level 6 of the Dungeon)

   Int:       It affects your intelligence (+4).
   rC:        It greatly protects you from cold.
   MP:        It affects your magic capacity (-9).
   Harm:      It increases damage dealt and taken.
Jewellery
 e - a ring of flight
 s - an amulet of regeneration
 t - a ring of positive energy
 u - the ring of Hobroe (right hand) {rPois rN+ Will+}
   (You found it on level 2 of the Dungeon)

   [ring of positive energy]

   rPois:     It protects you from poison.
   rN:        It protects you from negative energy.
   Will:      It increases your willpower.
 v - an amulet of reflection (around neck)
 I - a ring of poison resistance
 T - the ring "Mimyinle" (left hand) {rN+ Slay+4}
   (You found it in a Gauntlet)

   [ring of slaying]

   Slay:      It affects your accuracy & damage with ranged weapons and melee
   (+4).
   rN:        It protects you from negative energy.
Wands
 i - a wand of charming (7)
 o - a wand of paralysis (9)
 q - a wand of polymorph (10)
 y - a wand of acid (20)
 F - a wand of flame (15)
 H - a wand of digging (5)
 R - a wand of iceblast (8)
Scrolls
 d - 5 scrolls of magic mapping
 f - 9 scrolls of teleportation
 j - 3 scrolls of amnesia
 m - 5 scrolls of enchant weapon
 p - 5 scrolls of fog
 B - a scroll of fear
 C - a scroll of identify
 O - a scroll of blinking
Potions
 a - 2 potions of ambrosia
 b - 2 potions of lignification
 g - 9 potions of curing
 h - 2 potions of might
 n - a potion of cancellation
 w - 3 potions of invisibility
 z - 9 potions of heal wounds
 A - a potion of mutation
 E - 4 potions of berserk rage
 G - a potion of brilliance
 P - a potion of flight
Miscellaneous
 M - a phial of floods
 W - a condenser vane
 X - a lightning rod (4/4)


   Skills:
 + Level 9.2 Fighting
 - Level 12.0 Maces & Flails
 + Level 10.8 Armour
 + Level 4.0 Dodging
 - Level 1.7 Stealth
 + Level 8.2 Shields
 - Level 2.6 Unarmed Combat
 + Level 4.5 Spellcasting
 + Level 2.6 Summonings
 - Level 3.5 Air Magic
 - Level 10.0 Invocations


You had 14 spell levels left.
You knew the following spells:

 Your Spells              Type           Power      Damage    Failure   Level
a - Shock                 Conj/Air       68%        1d7       28%         1
b - Summon Guardian Gole  Hex/Summ       14%        N/A       71%         3
c - Call Canine Familiar  Summ           22%        N/A       52%         3

Your spell library contained the following spells:

 Spells                   Type           Power      Damage    Failure   Level
 Swiftness                Air            28%        N/A       38%         3
 Airstrike                Air            14%        N/A       80%         4
 Dazzling Flash           Conj/Hex       12%        N/A       88%         3
 Gell's Gravitas          Tloc           6%         N/A       88%         3
 Lesser Beckoning         Tloc           6%         N/A       88%         3
 Portal Projectile        Hex/Tloc       12%        N/A       88%         3
 Teleport Other           Tloc           6%         N/A       88%         3
 Leda's Liquefaction      Hex/Erth       3%         N/A       99%         4
 Agony                    Necr           6%         N/A       100%        5
 Silence                  Hex/Air        8%         N/A       100%        5
 Summon Horrible Things   Summ           11%        N/A       100%        8
 Dragon's Call            Summ           11%        N/A       100%        9


Dungeon Overview and Level Annotations

Branches:
Dungeon (11/15)            Temple (0/1) D:6            Lair (5/6) D:11
 Shoals (0/4) Lair:4       Spider (0/4) Lair:3        Slime (0/5) Lair:5
    Orc (0/2) D:11         Bailey (visited)         Gauntlet (visited)

Altars:
Cheibriados
Elyvilon
Okawaru
Trog
Vehumet
Yredelemnul
Zin
Jiyva

Shops:
D:6 [[[=

Annotations:
D:4 2 transporters, samgaumpmail's ghost, amateur DDEE
D:8 3 runed translucent doors, NinjaNoafa's ghost, novice DrMo
D:11 2 transporters
Lair:5 2 runed translucent doors


Innate Abilities, Weirdness & Mutations

You have large cloven feet.
You are surrounded by a strong repulsion field. (EV +4, RMsl)
You sometimes gain power by taking damage.
Your presence sometimes corrodes those you injure.


Message History

The acid blob jiggles.
The acid blob spits acid at you. The splash of acid hits you! You resist.
The acid corrodes you!
You hit the acid blob.
You feel better.
Your hands burn!
The acid blob is severely wounded.
The acid blob hits you.
You are splashed with acid.
You resist.
You whack the acid blob!
You feel better.
Your hands burn!
The acid blob is almost dead.
The acid blob spits acid at you. The splash of acid hits you. You resist.
You hit the acid blob.
Your hands burn!
The acid blob is almost dead.
The acid blob jiggles.
The acid blob hits you!!
You focus on the pain.
You feel very mighty all of a sudden. The acid corrodes you!
You are splashed with acid.
You resist.
You whack the acid blob!
You kill the acid blob!
Cheibriados appreciates the change of pace.
The acid blob spits acid at you. The splash of acid hits you! You resist.
* * * LOW HITPOINT WARNING * * *
Training target 10.0 for Invocations reached!
Your Dodging skill increases to level 4!
Your Invocations skill increases to level 10!
You hit the acid blob.
You feel better.
Your hands burn!
* * * LOW HITPOINT WARNING * * *
The acid blob is lightly wounded.
The acid blob hits you!!
* * * LOW HITPOINT WARNING * * *
You are splashed with acid.
You resist.
* * * LOW HITPOINT WARNING * * *
Blink to where?
Press: ? - help, Dir - move target
As you read the scroll of blinking, it crumbles to dust.
As you read the scroll of teleportation, it crumbles to dust.
You feel strangely unstable. The acid blob spits acid at you.
The splash of acid hits you! You resist.
You die...

....#.#...P# ##..##'### #####.
...........#.#.....J..## #.....
..(.........#.........P# #....#
......................## ##..#.
.............P.........# #.P##
......................## ##.P#
...........#.P.##.....# #..##
...........######....## ###...#
###.##.##### ##@...### #.#.###
##.....# ####....P#.## ##..P#
##P....### #.......P...## #..## P
##....#..###............###..##P.
..........#..#...........#......P
+..........#...........###.......
......>........>.......#.........
.............#...........†.......
#................................


You could see an acid blob.

Vanquished Creatures
  Gastronok (D:10)
  An acid blob (Lair:5)
  The ghost of Slifar the Thaumaturge, a journeyman DjFE of Nemelex Xobeh (Lair:3)
  A minotaur (Gauntlet)
  A fire dragon (D:9)
  Josephine (D:11)
  2 hydras
  A tengu warrior (Gauntlet)
  A two-headed ogre (D:9)
  3 sixfirhies (Gauntlet)
  Pikel (D:7)
  A lindwurm (Lair:3)
  A cyclops (D:11)
  A manticore (D:11)
  8 elephants
  4 black mambas
  Joseph (D:8)
  An unseen horror (D:7)
  5 komodo dragons
  7 cane toads
  A rime drake (Lair:4)
  A tengu conjurer (Gauntlet)
  2 trolls
  A burning bush (Lair:4)
  An ice devil (Gauntlet)
  A polar bear (Lair:1)
  A slime creature (D:11)
  21 blink frogs
  2 hornets
  A culicivora (Lair:3)
  7 wraiths
  Eustachio (D:4)
  5 basilisks
  7 wyverns
  10 yaks
  Menkaure (D:7)
  An acid dragon (D:11)
  11 water moccasins
  13 orc warriors
  3 sky beasts
  7 black bears
  An ice beast (D:6)
  An ogre (D:6)
  3 wolves (Lair:1)
  2 phantoms
  20 centaurs
  4 kobold brigands
  11 bullfrogs
  A necrophage (D:5)
  4 scorpions
  4 wights (D:8)
  38 killer bees
  3 howler monkeys
  6 electric eels (D:9)
  Crazy Yiuf (D:7)
  4 hounds
  4 jellies
  4 orc priests
  3 gnoll shamans
  3 iguanas
  7 orc wizards
  13 hell rats
  A mummy (D:5)
  18 gnolls
  13 adders
  6 white imps
  2 worms
  3 dart slugs
  45 orcs
  6 ball pythons
  5 bats
  10 endoplasms
  6 giant cockroaches
  7 goblins
  8 hobgoblins
  14 jackals
  4 quokkas
  6 frilled lizards
  24 kobolds
  5 rats
461 creatures vanquished.

Vanquished Creatures (others)
  An orc (Bailey)
  A kobold (D:9)
  A bush (D:2)
  64 fungi
  99 plants
166 creatures vanquished.

Grand Total: 627 creatures vanquished

Notes
Turn   | Place    | Note
-------+----------+-------------------------------------------
     0 | D:1      | ryw the Demonspawn Monk began the quest for the Orb.
     0 | D:1      | Reached XP level 1. HP: 18/18 MP: 1/1
   405 | D:1      | Gained mutation: You have large cloven feet. [demonic
                  | ancestry]
   405 | D:1      | Reached XP level 2. HP: 18/24 MP: 2/2
   997 | D:1      | Gained mutation: You sometimes gain a little power by
                  | taking damage. [demonic ancestry]
   997 | D:1      | Reached XP level 3. HP: 26/30 MP: 3/3
  1038 | D:1      | Found a faded altar of an unknown god.
  1053 | D:1      | Prayed at the altar of an unknown god.
  1053 | D:1      | Became a worshipper of Cheibriados the Contemplative
  1053 | D:1      | Reached * piety under Cheibriados
  1053 | D:1      | Reached ** piety under Cheibriados
  1129 | D:1      | Reached *** piety under Cheibriados
  1565 | D:2      | Reached skill level 1 in Invocations
  1892 | D:2      | Reached skill level 1 in Armour
  1892 | D:2      | Reached XP level 4. HP: 31/38 MP: 3/5
  2329 | D:2      | Reached **** piety under Cheibriados
  2361 | D:2      | Identified the ring of Hobroe {rPois rN+ Will+}
  3018 | D:2      | Identified a scroll of acquirement
  3018 | D:2      | Acquired the +5 demon whip of Caemat {vamp, Str+4}
  3228 | D:3      | Found a bloodstained altar of Trog.
  3523 | D:3      | Reached skill level 1 in Maces & Flails
  3523 | D:3      | Gained mutation: You sometimes gain power by taking damage.
                  | [demonic ancestry]
  3523 | D:3      | Reached XP level 5. HP: 43/43 MP: 6/6
  3601 | D:3      | Noticed a black bear
  3606 | D:3      | Killed a black bear
  3607 | D:3      | Reached skill level 2 in Maces & Flails
  3716 | D:3      | Learned a level 1 spell: Shock
  3797 | D:3      | Reached XP level 6. HP: 48/49 MP: 8/8
  3930 | D:3      | Reached ***** piety under Cheibriados
  4217 | D:4      | Noticed samgaumpmail's ghost (amateur DDEE)
  4217 | D:4      | Found a transporter.
  4265 | D:4      | Reached skill level 3 in Maces & Flails
  4475 | D:4      | Reached skill level 1 in Spellcasting
  4565 | D:4      | Reached skill level 1 in Air Magic
  4593 | D:4      | Acquired an amulet of reflection
  4640 | D:4      | Reached XP level 7. HP: 55/55 MP: 10/10
  4708 | D:4      | Noticed Eustachio
  4731 | D:4      | Killed Eustachio
  4732 | D:4      | Reached skill level 4 in Maces & Flails
  4931 | D:4      | Reached skill level 5 in Invocations
  5005 | D:4      | Found a transporter.
  5176 | D:5      | Entered Level 5 of the Dungeon
  5263 | D:5      | Gained mutation: You are surrounded by a mild repulsion
                  | field. (EV +2) [demonic ancestry]
  5263 | D:5      | Reached XP level 8. HP: 60/61 MP: 11/11
  5542 | D:5      | Found a snail-covered altar of Cheibriados.
  5548 | D:5      | Reached skill level 5 in Maces & Flails
  5867 | D:5      | Reached skill level 5 in Fighting
  6360 | D:6      | Found a staircase to the Ecumenical Temple.
  6458 | D:6      | Found Deicimiw's Jewellery Shop.
  6487 | D:6      | Found a basalt altar of Yredelemnul.
  6563 | D:6      | Found Weiqin's Antique Armour Shoppe.
  6571 | D:6      | Bought a pair of bloodstained boots for 285 gold pieces
  6571 | D:6      | Identified the +2 pair of boots of Digocvaf {rElec rC++
                  | rCorr} (You bought it in a shop on level 6 of the Dungeon)
  6592 | D:6      | Found Biur's Antique Armour Emporium.
  6678 | D:6      | Found Lodesiroi's Antique Armour Shop.
  6831 | D:6      | Reached ****** piety under Cheibriados
  6877 | D:6      | Bought an embroidered scarf for 176 gold pieces
  6996 | D:7      | Reached skill level 6 in Maces & Flails
  7002 | D:7      | Gained mutation: You are surrounded by a moderate repulsion
                  | field. (EV +3) [demonic ancestry]
  7002 | D:7      | Reached XP level 9. HP: 68/68 MP: 14/14
  7181 | D:7      | Found a runed translucent door.
  7182 | D:7      | Noticed Crazy Yiuf
  7265 | D:7      | Noticed Menkaure
  7268 | D:7      | Killed Menkaure
  7405 | D:7      | Noticed Pikel
  7418 | D:7      | Killed Pikel
  7589 | D:7      | Killed an unseen horror
  7590 | D:7      | Reached skill level 7 in Maces & Flails
  7638 | D:7      | Identified the +3 falchion of Trauma {vorpal, *Noise +Blink
                  | Int+9 Dex-4}
  7644 | D:7      | Found an iron altar of Okawaru.
  7843 | D:7      | Killed Crazy Yiuf
  7931 | D:8      | Found a runed translucent gate.
  7931 | D:8      | Found a runed translucent gate.
  7932 | D:8      | Found a runed translucent gate.
  7933 | D:8      | Noticed NinjaNoafa's ghost (novice DrMo)
  7988 | D:8      | Reached skill level 5 in Armour
  8019 | D:8      | Found a flagged portal.
  8028 | Bailey   | Entered a bailey
  8125 | Bailey   | Reached XP level 10. HP: 70/76 MP: 15/15
  8201 | Bailey   | Reached skill level 1 in Shields
  8524 | Bailey   | Reached skill level 8 in Maces & Flails
  9141 | D:6      | Bought a brightly glowing leather armour for 168 gold
                  | pieces
  9141 | D:6      | Identified the +0 leather armour "Qagun" {rC++ Will-} (You
                  | bought it in a shop on level 6 of the Dungeon)
  9180 | D:8      | Noticed Joseph
  9199 | D:8      | Killed Joseph
  9200 | D:8      | Reached skill level 9 in Maces & Flails
  9202 | D:8      | Got Dispater's Papyrus of Companions
  9648 | D:9      | Gained mutation: Your presence sometimes corrodes those you
                  | injure. [demonic ancestry]
  9648 | D:9      | Reached XP level 11. HP: 81/81 MP: 17/17
 10339 | D:10     | Entered Level 10 of the Dungeon
 10339 | D:10     | Noticed a fire dragon
 10339 | D:10     | Noticed a two-headed ogre
 10345 | D:9      | Killed a two-headed ogre
 10392 | D:9      | Killed a fire dragon
 10893 | D:10     | Noticed Gastronok
 10908 | D:10     | Killed Gastronok
 10909 | D:10     | Reached skill level 10 in Maces & Flails
 11646 | D:11     | Found a viscous altar of Jiyva.
 11737 | D:11     | Noticed Josephine
 11762 | D:11     | Killed Josephine
 11786 | D:11     | Reached skill level 5 in Shields
 11807 | D:11     | Found a staircase to the Lair.
 11979 | D:11     | Found a transporter.
 11984 | D:11     | Found a transporter.
 11988 | D:11     | Found a staircase to the Orcish Mines.
 12168 | D:11     | Reached XP level 12. HP: 88/88 MP: 18/18
 12358 | Lair:1   | Entered Level 1 of the Lair of Beasts
 12422 | Lair:1   | Reached skill level 11 in Maces & Flails
 12851 | Lair:1   | Reached skill level 10 in Armour
 13234 | Lair:2   | Found a radiant altar of Vehumet.
 13234 | Lair:2   | Noticed a five-headed hydra
 13243 | Lair:2   | Killed a five-headed hydra
 13480 | Lair:2   | Reached skill level 12 in Maces & Flails
 14424 | D:6      | Bought a fine scale mail for 216 gold pieces
 14424 | D:6      | Identified the +2 scale mail of the Evil One {Harm rC++
                  | MP-9 Int+4} (You bought it in a shop on level 6 of the
                  | Dungeon)
 14603 | Lair:3   | Found a gate leading to a gauntlet.
 14687 | Gauntlet | Entered a Gauntlet
 14687 | Gauntlet | Found a transporter.
 14730 | Gauntlet | Found a transporter.
 14730 | Gauntlet | Found a transporter.
 14730 | Gauntlet | Noticed a tengu warrior
 14731 | Gauntlet | Found a transporter.
 14736 | Gauntlet | Found a transporter.
 14742 | Gauntlet | Noticed a great orb of eyes
 14750 | Gauntlet | Found a transporter.
 14752 | Gauntlet | Noticed a ghost crab
 14764 | Gauntlet | Found a transporter.
 14770 | Gauntlet | Found a transporter.
 14793 | Gauntlet | Found a transporter.
 14801 | Gauntlet | Killed a tengu warrior
 14843 | Gauntlet | Found a transporter.
 14887 | Gauntlet | Found a transporter.
 14889 | Gauntlet | Found a transporter.
 14907 | Gauntlet | Gained mutation: You are surrounded by a strong repulsion
                  | field. (EV +4, RMsl) [demonic ancestry]
 14907 | Gauntlet | Reached XP level 13. HP: 74/99 MP: 10/19
 14912 | Gauntlet | Identified the ring "Mimyinle" {rN+ Slay+4}
 14995 | Gauntlet | Found a transporter.
 14997 | Gauntlet | Found a transporter.
 14997 | Gauntlet | Noticed a minotaur
 15007 | Gauntlet | Killed a minotaur
 15165 | Lair:3   | Found a runed translucent door.
 15168 | Lair:3   | Noticed Slifar's ghost (journeyman DjFE)
 15543 | Lair:3   | Identified the +3 ring mail "Yhu Riti" {rF+ Dex+4}
 15559 | Lair:3   | Learned a level 3 spell: Summon Guardian Golem
 15563 | Lair:3   | Learned a level 3 spell: Call Canine Familiar
 15611 | Lair:3   | Found a hole to the Spider Nest.
 15900 | Lair:3   | Killed Slifar's ghost
 16058 | Lair:4   | Reached skill level 1 in Summonings
 16242 | Lair:4   | Found a staircase to the Shoals.
 17014 | D:6      | Bought a shiny tower shield for 225 gold pieces
 17256 | Lair:5   | Found a large runed translucent door.
 17256 | Lair:5   | Found a large runed translucent door.
 17676 | Lair:5   | Found a runed translucent door.
 17677 | Lair:5   | Found a viscous altar of Jiyva.
 17678 | Lair:5   | Noticed an acid blob
 17678 | Lair:5   | Noticed an acid blob
 17678 | Lair:5   | Noticed an acid blob
 17679 | Lair:5   | Found a staircase to the Slime Pits.
 17679 | Lair:5   | Noticed an acid blob
 17694 | Lair:5   | Killed an acid blob
 17695 | Lair:5   | Reached skill level 10 in Invocations
 17697 | Lair:5   | Killed from afar by an acid blob

Illustrated notes

Levels and vault maps discovered:
D:1:      dpeg_arrival_windows_large_door, layout_loops_corners,
          chequers_ecumenical_altar_simple_redux, serial_forest,
          infiniplex_forest_clump_large, infiniplex_forest_straight_2,
          infiniplex_forest_lined_2, infiniplex_forest_clump_small,
          infiniplex_forest_lined_room_2, chequers_serial_rivers_room_a,
          minmay_box_of_dots
D:2:      layout_basic, minivault_25, serial_bayou_ford_a,
          lexackson_kobold_supper
D:3:      minmay_evil_eye, layout_loops_corners,
          mainiacjoe_overflow_surrounded_room, lemuel_tele_altar,
          grunt_decor_resistance
D:4:      layout_loops_ring, gammafunk_ghost_mausoleum,
          small_statue_intersection, grunt_ministairs_7, corexii_checkpoint_a,
          st_stairs_2, grunt_decor_junction, uniq_eustachio
D:5:      layout_cave_pods, slow_altar_1, kennysheep_another_room
D:6:      layout_loops_ring, mainiacjoe_overflow_chevrons,
          minmay_temple_entry_overgrown, serial_shops, shop_coins,
          nicolae_stop_n_shop_1, shop, shop
D:7:      layout_loops_ring, zin_treasury, okawaru_ov_weapons_minmay,
          st_stairs_13, uniq_pikel, uniq_menkaure, uniq_crazy_yiuf_cottage
D:8:      kennysheep_blocky_hall, layout_cave_pools, enter_bailey_2,
          gammafunk_ghost_split, uniq_joseph
D:9:      cheibrodos_two_vegetables, layout_basic
D:10:     layout_basic, uniq_gastronok
D:11:     gammafunk_jiyva_shrine, layout_stronghold,
          due_lair_maze_entry_diamond, orc_0_dummy, uniq_josephine
Lair:1:   layout_regular_city, st_stairs_8, minmay_shattered_shrine,
          grunt_megastairs_2, lemuel_fruit_tree
Lair:2:   layout_layer_cave, basic_altar, st_stairs_7
Lair:3:   layout_small_grid, spider_nest_entry_rubble, gauntlet_entry_generic,
          hellmonk_ghost_happy_afterlife, infiniplex_staircase_pool_2
Lair:4:   wad_woods_minihive, layout_regular_city, elwin_shoals_entry_rocks,
          st_stairs_3, evilmike_ambush [evilmike_ambush_outer_basic,
          evilmike_ambush_inner_basic]
Lair:5:   layout_roguey, slime_altar_2, ebering_ghost_disaster_area

Skill      XL: |  1  2  3  4  5  6  7  8  9 10 11 12 13 |
---------------+----------------------------------------+-----
Fighting       | 4 5 6 8 9 |  9.2
Invocations    | 1 2 3 4 5 6 7 8 10 | 10.0
Armour         | 1 2 5 7 9 10 | 10.8
Maces & Flails | 1 2 3 4 6 7 9 10 12 | 12.0
Spellcasting   | 1 2 3 4 |  4.5
Air Magic      | 1 2 3 |  3.5
Dodging        | 3 4 |  4.0
Shields        | 3 5 7 8 |  8.2
Summonings     | 2 |  2.6
Stealth        | |  1.7
Unarmed Combat | |  2.6

Action                   |  1- 3 |  4- 6 |  7- 9 | 10-12 | 13-15 || total
-------------------------+-------+-------+-------+-------+-------++-------
Melee: Unarmed           |   114 |    56 |       |       |       ||   170
       Punch             |     3 |       |     3 |       |       ||     6
       Kick              |    28 |    30 |    23 |       |       ||    81
       Demon whip        |       |    77 |   230 |   739 |   295 ||  1341
       Whip              |       |     4 |       |       |       ||     4
 Cast: Shock             |       |       |    18 |       |       ||    18
Invok: Slouch            |       |       |       |     3 |       ||     3
Evoke: Wand              |       |       |       |     2 |       ||     2
  Use: Potion            |     1 |     1 |       |       |     1 ||     3
       Scroll            |       |    13 |       |    16 |     3 ||    32
 Stab: Sleeping          |     7 |     5 |     5 |       |     3 ||    20
       Distracted        |       |       |     1 |       |       ||     1
Armor: Leather armour    |    24 |    11 |       |       |       ||    35
       Scale mail        |       |    14 |       |    17 |     6 ||    37
       Ring mail         |       |       |    11 |       |    42 ||    53
       Plate armour      |       |       |    68 |   186 |       ||   254
Dodge: Dodged            |    92 |   102 |   234 |   389 |   117 ||   934
       Repelled          |       |       |       |       |     3 ||     3
Block: Other             |       |     1 |    44 |       |       ||    45
       Reflection        |       |       |     6 |    18 |     1 ||    25
       Kite shield       |       |       |    87 |   774 |   301 ||  1162
       Tower shield      |       |       |       |       |    36 ||    36

Table legend: (Time is in decaauts)
 A = Elapsed time spent in this place.
 B = Non-inter-level travel time spent in this place.
 C = Inter-level travel time spent in this place.
 D = Time resting spent in this place.
 E = Time spent auto-exploring this place.
 F = Levels seen in this place.
 G = Mean time per level.
                   A        B        C        D        E       F      G
               +--------+--------+--------+--------+--------+-----+--------+
         Total |  28975 |  26470 |   2505 |    716 |  21176 |  18 | 1609.7 |
       Dungeon |  19019 |  17200 |   1819 |    504 |  14187 |  11 | 1729.0 |
          Lair |   7891 |   7205 |    686 |      0 |   6191 |   5 | 1578.2 |
        Bailey |   1414 |   1414 |      0 |    212 |    536 |   1 | 1414.0 |
      Gauntlet |    650 |    650 |      0 |      0 |    262 |   1 |  650.0 |
               +--------+--------+--------+--------+--------+-----+--------+

Top non-repeatable levels by time:
     D:2: 2342 daAuts
    D:10: 2177 daAuts
  Lair:2: 1951 daAuts
  Lair:1: 1919 daAuts
    D:11: 1845 daAuts
     D:3: 1777 daAuts
     D:1: 1733 daAuts
  Lair:3: 1700 daAuts
     D:7: 1649 daAuts
     D:5: 1646 daAuts
     D:9: 1638 daAuts
     D:6: 1636 daAuts
     D:4: 1523 daAuts
  Lair:4: 1496 daAuts
  Bailey: 1414 daAuts
